 Dungeon Sprint DCSS version 0.30.1-9-gdf580d7c3d (webtiles) character file.

Game seed: 17910775729450400906

436 Heoruswealwe the Spear-Bearer (level 6, 0/64 HPs)
             Began as a Minotaur Fighter on Sept 29, 2023.
             Slain by a wraith (5 damage)
             ... in the Dungeon (Sprint IX: "|||||||||||||||||||||||||||||").
             The game lasted 00:01:49 (128 turns).

Heoruswealwe the Spear-Bearer (Minotaur Fighter)     Turns: 128, Time: 00:01:49

Health: 0/64       AC:  8    Str: 22    XL:     6   Next: 69%
Magic:  5/5        EV:  9    Int:  5    God:
Gold:   0          SH:  4    Dex: 10    Spells: 5/5 levels left

rFire   . . .        a - +0 trident
rCold   . . .        d - +0 buckler
rNeg    . . .        c - +0 scale mail
rPois   .            (helmet restricted)
rElec   .            (no cloak)
rCorr   .            (no gloves)
SInv    .            (no boots)
Will    .....        (no amulet) Stlth
                     (no ring)
HPRegen 0.30/turn    (no ring)
MPRegen 0.09/turn

%: no teleportation
@: slowed, very slow
A: horns 2, retaliatory headbutt
a: no special abilities


You were in the Dungeon.
You visited 1 branch

Inventory:

Hand Weapons
 a - a +0 trident (weapon)
Armour
 c - a +0 scale mail (worn)
 d - a +0 buckler (worn)
Jewellery
 m - a +3 ring of strength
 n - a +3 ring of intelligence
Wands
 l - a wand of roots (10)
Scrolls
 j - 2 scrolls of blinking
 k - 2 scrolls of amnesia
Potions
 b - a potion of might
 e - 5 potions of curing
 f - 3 potions of heal wounds
 g - a potion of haste
 h - a potion of invisibility
 i - a potion of berserk rage


   Skills:
 + Level 9.4 Fighting
 * Level 12.3 Polearms
 + Level 9.4 Armour
 - Level 3.6 Shields


You had 5 spell levels left.
You didn't know any spells.
Your spell library was empty.

Dungeon Overview and Level Annotations

Branches:
Dungeon (1/1)

Altars:
Cheibriados
Dithmenos
Elyvilon
Fedhas
Gozag
Hepliaklqana
Kikubaaqudgha
Makhleb
Nemelex Xobeh
Okawaru
Qazlal
Ru
Sif Muna
Trog
Uskayaw
Vehumet
Wu Jian
Xom
Yredelemnul
Zin
The Shining One
Jiyva
Lugonu


Innate Abilities, Weirdness & Mutations

You have a pair of horns on your head.
You reflexively headbutt those who attack you in melee.


Message History

You closely miss the wraith.
The wraith is severely damaged.
The wraith hits you but does no damage.
You hit the wraith. You headbutt the wraith.
The wraith is almost destroyed.
The howler monkey hoots and howls with incredible vigour!
The wraith hits you.
* * * LOW HITPOINT WARNING * * *
The wraith drains your vigour!
You feel as though you will be slow longer.
You hit the wraith but do no damage.
The wraith is almost destroyed.
The wraith hits you but does no damage. You block the wraith's attack.
You hit the wraith but do no damage. Your headbutt misses the wraith.
The wraith is almost destroyed.
The wraith completely misses you.
You barely miss the wraith.
The wraith is almost destroyed.
The howler monkey hoots and howls with incredible vigour!
The wraith hits you.
* * * LOW HITPOINT WARNING * * *
You hear an angry hiss.
You puncture the wraith!
You destroy the wraith!
Your Fighting skill increases to level 9!
Your Polearms skill increases to level 12!
Your Armour skill increases to level 9!
Unknown command.
You closely miss the wraith. The wraith hits you but does no damage.
You barely miss the wraith. The wraith hits you.
* * * LOW HITPOINT WARNING * * *
The wraith drains your vigour!
You feel as though you will be slow longer.
You hit the wraith.
The wraith is lightly damaged.
The wraith hits you but does no damage.
You puncture the wraith!
The wraith is heavily damaged.
The wraith hits you.
You die... ▓▓▓▓▓▓▓▓▓▓▓▓▓▓▓▓▓▓▓▓▓▓▓▓ _______'!.).[[[.@WYhW... ▓▓▓▓▓▓▓▓▓▓▓▓▓▓▓▓▓▓▓▓▓▓▓▓

You could see a yak, 2 wraiths and a howler monkey.

Vanquished Creatures
  2 wraiths (D)
  A scorpion (D)
  2 hounds (D)
  An adder (D)
  An orc (D)
  A bat (D)
  A goblin (D)
  A hobgoblin (D)
  A jackal (D)
  A frilled lizard (D)
12 creatures vanquished.

Notes
Turn   | Place    | Note
-------+----------+-------------------------------------------
     0 | D        | Heoruswealwe the Minotaur Fighter began the quest for the
                  | Orb.
     0 | D        | Reached XP level 1. HP: 19/19 MP: 0/0
    10 | D        | Reached skill level 3 in Polearms
    28 | D        | Noticed a hound
    28 | D        | Noticed a scorpion
    28 | D        | Noticed a hound
    37 | D        | Reached skill level 4 in Polearms
    37 | D        | Reached XP level 2. HP: 28/28 MP: 1/1
    43 | D        | Reached skill level 5 in Fighting
    43 | D        | Reached skill level 6 in Polearms
    43 | D        | Reached skill level 5 in Armour
    43 | D        | Reached XP level 3. HP: 33/36 MP: 2/2
    52 | D        | Killed a scorpion
    53 | D        | Reached skill level 8 in Polearms
    53 | D        | Reached XP level 4. HP: 28/45 MP: 3/3
    60 | D        | Reached XP level 5. HP: 21/52 MP: 4/4
    66 | D        | Found a snail-covered altar of Cheibriados.
    66 | D        | Found a shadowy altar of Dithmenos.
    66 | D        | Found a white marble altar of Elyvilon.
    66 | D        | Found a blossoming altar of Fedhas.
    66 | D        | Found an opulent altar of Gozag.
    67 | D        | Found a hazy altar of Hepliaklqana.
    68 | D        | Found a viscous altar of Jiyva.
    69 | D        | Found an ancient bone altar of Kikubaaqudgha.
    70 | D        | Found a corrupted altar of Lugonu.
    71 | D        | Found a burning altar of Makhleb.
    72 | D        | Found a sparkling altar of Nemelex Xobeh.
    73 | D        | Found an iron altar of Okawaru.
    74 | D        | Found a stormy altar of Qazlal.
    75 | D        | Found a sacrificial altar of Ru.
    76 | D        | Found a shimmering blue altar of Sif Muna.
    77 | D        | Found a bloodstained altar of Trog.
    78 | D        | Found a hide-covered altar of Uskayaw.
    79 | D        | Found a radiant altar of Vehumet.
    80 | D        | Found an ornate altar of the Wu Jian Council.
    81 | D        | Found a shimmering altar of Xom.
    82 | D        | Found a basalt altar of Yredelemnul.
    83 | D        | Found a glowing silver altar of Zin.
    84 | D        | Found a glowing golden altar of the Shining One.
   108 | D        | Noticed a wraith
   108 | D        | Noticed a wraith
   108 | D        | Noticed a wraith
   108 | D        | Noticed a yak
   108 | D        | Noticed a wraith
   115 | D        | Killed a wraith
   116 | D        | Reached skill level 11 in Polearms
   116 | D        | Reached XP level 6. HP: 25/62 MP: 5/5
   124 | D        | Killed a wraith
   125 | D        | Reached skill level 12 in Polearms
   128 | D        | Slain by a wraith

Illustrated notes

Levels and vault maps discovered:
D:        linesprint [early_d, line_temple, items_1, d_10, items_2, lair_1,
          lair_end, items_3, orc_1, orc_end, items_4, d_15, swamp_1, shoals_1,
          snake_1, spider_1, d_20, vaults_1, items_5, swamp_end, shoals_end,
          snake_end, spider_end, vaults_end, d_27, items_6, zot_1, zot_end,
          crypt_end, forest_end, elf_end, slime_end, tomb_end, abyss_end,
          pan_hell_end]

Skill      XL: |  1  2  3  4  5  6 |
---------------+-------------------+-----
Polearms       | 4 6 8 11 12 | 12.3
Fighting       | 4 5 6 7 8 9 |  9.4
Armour         | 4 5 6 8 9 |  9.4
Shields        | |  3.6

Action                     |  1- 3 |  4- 6 || total
---------------------------+-------+-------++-------
  Melee: Trident           |    41 |    27 ||    68
         Headbutt          |     4 |     4 ||     8
 Armour: Scale mail        |    16 |     8 ||    24
  Dodge: Dodged            |    19 |     6 ||    25
  Block: Buckler           |    12 |     2 ||    14
